 Dungeon Sprint DCSS version 0.31-a0-799-g6bc09d010c (webtiles) character file.

Game seed: 2417337406282628705

15357 sircluck the Brawler (level 12, -1/214 HPs)
             Began as a Troll Berserker on Sept 19, 2023.
             Was a High Priest of Trog.
             Slain by the 26-headed Lernaean hydra (2 damage)
             ... in the Dungeon (Sprint III: "The Ten Rune Challenge").
             The game lasted 00:05:02 (1306 turns).

sircluck the Brawler (Troll Berserker)              Turns: 1306, Time: 00:05:03

Health: -1/214     AC: 13    Str: 32    XL:     12   Next: 0%
Magic:  11/11      EV: 13    Int:  3    God:    Trog [*****.]
Gold:   44         SH:  0    Dex:  9    Spells: 11/11 levels left

rFire   . .          .
                       - Unarmed
rCold   . . .        (no shield)
rNeg    . . .        p - +0 swamp dragon scales
rPois   +            n - +1 hat
rElec   .            h - +2 cloak
rCorr   .            (gloves unavailable)
SInv    .            (boots unavailable)
Will    .....        (no amulet) Stlth
                     (no ring)
HPRegen 1.35/turn    (no ring)
MPRegen 0.12/turn

%: no teleportation
@: berserking, very quick
A: large, unfitting armour, claws 3, regeneration 1, shaggy fur 1, tough skin 1
a: Renounce Religion, Berserk, Trog's Hand, Brothers in Arms


You were in the Dungeon.
You worshipped Trog.
Trog was extremely pleased with you.
You visited 1 branch You collected 44 gold pieces.

Inventory:

Armour
 a - a +0 animal skin
 h - a +2 cloak (worn)
 n - a +1 hat (worn)
 p - +0 swamp dragon scales (worn)
Scrolls
 j - 2 scrolls of immolation {unknown}
 k - 2 scrolls of identify {unknown}
 o - a scroll of enchant weapon {unknown}
Potions
 b - 2 potions of curing
 c - 2 potions of heal wounds
 d - 2 potions of haste
 e - 2 potions of magic
 f - 3 potions of berserk rage
 i - 6 potions of mutation
 l - 3 potions of enlightenment {unknown}
Miscellaneous
 m - a tin of tremorstones (2/2)


   Skills:
 + Level 15.4 Fighting
 + Level 15.2 Dodging
 + Level 17.9 Unarmed Combat


You had 11 spell levels left.
You didn't know any spells.
Your spell library was empty.

Dungeon Overview and Level Annotations

Branches:
Dungeon (1/1)

Altars:
Cheibriados
Dithmenos
Elyvilon
Fedhas
Gozag
Hepliaklqana
Kikubaaqudgha
Makhleb
Nemelex Xobeh
Okawaru
Qazlal
Ru
Sif Muna
Trog
Uskayaw
Vehumet
Wu Jian
Xom
Yredelemnul
Zin
The Shining One
Jiyva
Lugonu

Shops:
D =![

Annotations:
D exclusion: 2 doors, Lernaean hydra


Innate Abilities, Weirdness & Mutations

You are too large for most types of armour.
You have claws for hands.
Your natural rate of healing is unusually fast.
You are covered in fur. (AC +1)
You have tough skin. (AC +1)


Message History

You scratch the 27-headed Lernaean hydra.
The 27-headed Lernaean hydra is moderately wounded.
The seven-headed hydra bites something!
The seven-headed hydra bites something but does no damage. x2
The seven-headed hydra bites something. x3
The seven-headed hydra bites something!
You rip one of the 27-headed Lernaean hydra's heads off!
You eviscerate the 26-headed Lernaean hydra!!!
The 26-headed Lernaean hydra is heavily wounded.
The 26-headed Lernaean hydra bites you but does no damage.
The 26-headed Lernaean hydra bites you. x2
The 26-headed Lernaean hydra bites you! The 26-headed Lernaean hydra bites you.
The 26-headed Lernaean hydra bites you but does no damage.
The 26-headed Lernaean hydra bites you!
* * * LOW HITPOINT WARNING * * *
The 26-headed Lernaean hydra bites you.
* * * LOW HITPOINT WARNING * * *
The 26-headed Lernaean hydra bites you but does no damage. x2
The 26-headed Lernaean hydra barely misses you.
The 26-headed Lernaean hydra completely misses you.
The 26-headed Lernaean hydra bites you!
* * * LOW HITPOINT WARNING * * *
The 26-headed Lernaean hydra bites you!
* * * LOW HITPOINT WARNING * * *
The 26-headed Lernaean hydra closely misses you.
The 26-headed Lernaean hydra bites you!
* * * LOW HITPOINT WARNING * * *
The 26-headed Lernaean hydra barely misses you.
The 26-headed Lernaean hydra bites you but does no damage.
The 26-headed Lernaean hydra bites you.
* * * LOW HITPOINT WARNING * * *
The 26-headed Lernaean hydra bites you.
* * * LOW HITPOINT WARNING * * *
The 26-headed Lernaean hydra completely misses you.
The 26-headed Lernaean hydra bites you!
* * * LOW HITPOINT WARNING * * *
The 26-headed Lernaean hydra bites you!
* * * LOW HITPOINT WARNING * * *
The 26-headed Lernaean hydra bites you.
You die...

♣.♣♣ #####
♣♣†♣ ...φ#
♣)♣♣ ..~.#
♣.♣♣ .D..#
♣..♣♣#.D.#
♣♣.♣♣†####♣♣
♣♣.♣♣~DDT~♣
♣♣.~♣♣♣♣D♣.♣
♣..~..§.§@.♣
♣P..P§§§§..♣
♣.♣~..§§§§.♣
♣♣♣♣♣♣♣♣∩∩∩♣
♣♣♣♣♣


You could see the 26-headed Lernaean hydra, a seven-headed hydra and a swamp
dragon.

Vanquished Creatures
  Gastronok (D)
  2 dire elephants (D)
  Josephine (D)
  A centaur warrior (D)
  4 death yaks (D)
  3 swamp dragons (D)
  A deep elf pyromancer (D)
  2 elephants (D)
  2 black mambas (D)
  2 cane toads (D)
  A rime drake (D)
  2 unseen horrors (D)
  A komodo dragon (D)
  8 blink frogs (D)
  A shadow (D)
  3 wandering mushrooms (D)
  A spatial vortex (D)
  3 swamp drakes (D)
  2 centaurs (D)
  An earth elemental (D)
  A water elemental (D)
  A necrophage (D)
  Crazy Yiuf (D)
  A jelly (D)
  Jessica (D)
  A necromancer (D)
  A wizard (D)
  3 humans (D)
  A kobold demonologist (D)
  3 rats (D)
56 creatures vanquished.

Vanquished Creatures (collateral kills)
  Rupert (D)
1 creature vanquished.

Grand Total: 57 creatures vanquished

Notes
Turn   | Place    | Note
-------+----------+-------------------------------------------
     0 | D        | sircluck the Troll Berserker began the quest for the Orb.
     0 | D        | Reached XP level 1. HP: 22/22 MP: 0/0
    12 | D        | Noticed Jessica
    13 | D        | Killed Jessica
    13 | D        | Reached ** piety under Trog
    14 | D        | Reached skill level 4 in Unarmed Combat
    14 | D        | Reached XP level 2. HP: 31/32 MP: 1/1
    47 | D        | Reached XP level 3. HP: 29/39 MP: 2/2
    53 | D        | Noticed Crazy Yiuf
    62 | D        | Killed Crazy Yiuf
    62 | D        | Reached *** piety under Trog
    63 | D        | Reached skill level 5 in Unarmed Combat
    63 | D        | Reached XP level 4. HP: 20/49 MP: 3/3
   117 | D        | Noticed a water elemental
   122 | D        | Killed a water elemental
   123 | D        | Reached skill level 5 in Fighting
   123 | D        | Reached skill level 5 in Dodging
   123 | D        | Reached skill level 6 in Unarmed Combat
   141 | D        | Found a radiant altar of Vehumet.
   141 | D        | Found a shimmering blue altar of Sif Muna.
   141 | D        | Found an ancient bone altar of Kikubaaqudgha.
   141 | D        | Noticed a wizard
   149 | D        | Killed a wizard
   150 | D        | Reached XP level 5. HP: 59/59 MP: 4/4
   151 | D        | Reached **** piety under Trog
   152 | D        | Reached skill level 7 in Unarmed Combat
   170 | D        | Found a basalt altar of Yredelemnul.
   170 | D        | Found a shadowy altar of Dithmenos.
   170 | D        | Found a sacrificial altar of Ru.
   188 | D        | Noticed a shadow
   197 | D        | Reached XP level 6. HP: 7/68 MP: 5/5
   197 | D        | Killed a shadow
   197 | D        | Reached ***** piety under Trog
   198 | D        | Reached skill level 8 in Unarmed Combat
   262 | D        | Found a blossoming altar of Fedhas.
   262 | D        | Found a stormy altar of Qazlal.
   262 | D        | Found a snail-covered altar of Cheibriados.
   262 | D        | Found a burning altar of Makhleb.
   262 | D        | Found a shimmering altar of Xom.
   263 | D        | Found a hazy altar of Hepliaklqana.
   263 | D        | Found an opulent altar of Gozag.
   263 | D        | Found a sparkling altar of Nemelex Xobeh.
   263 | D        | Found a corrupted altar of Lugonu.
   263 | D        | Found a viscous altar of Jiyva.
   263 | D        | Noticed a spatial vortex
   269 | D        | Killed a spatial vortex
   270 | D        | Reached skill level 9 in Unarmed Combat
   270 | D        | Reached XP level 7. HP: 54/79 MP: 6/6
   287 | D        | Noticed Josephine
   296 | D        | Killed Josephine
   296 | D        | Received a gift from Trog
   297 | D        | Reached skill level 10 in Unarmed Combat
   297 | D        | Reached XP level 8. HP: 92/92 MP: 7/7
   354 | D        | Found a hide-covered altar of Uskayaw.
   354 | D        | Found an iron altar of Okawaru.
   354 | D        | Found a bloodstained altar of Trog.
   354 | D        | Found an ornate altar of the Wu Jian Council.
   362 | D        | Reached skill level 11 in Unarmed Combat
   389 | D        | Found a glowing silver altar of Zin.
   389 | D        | Found a glowing golden altar of the Shining One.
   389 | D        | Found a white marble altar of Elyvilon.
   389 | D        | Noticed a deep elf pyromancer
   393 | D        | Killed a deep elf pyromancer
   394 | D        | Reached skill level 10 in Fighting
   394 | D        | Reached skill level 10 in Dodging
   394 | D        | Reached skill level 12 in Unarmed Combat
   425 | D        | Reached XP level 9. HP: 52/102 MP: 8/8
   469 | D        | Noticed a centaur warrior
   477 | D        | Killed a centaur warrior
   480 | D        | Received a gift from Trog
   481 | D        | Reached skill level 13 in Unarmed Combat
   562 | D        | Killed an unseen horror
   571 | D        | Killed an unseen horror
   641 | D        | Noticed a wandering mushroom
   646 | D        | Noticed a wandering mushroom
   648 | D        | Noticed a wandering mushroom
   658 | D        | Killed a wandering mushroom
   692 | D        | Noticed a cane toad
   692 | D        | Noticed a komodo dragon
   692 | D        | Noticed a cane toad
   697 | D        | Killed a cane toad
   698 | D        | Reached XP level 10. HP: 115/115 MP: 9/9
   700 | D        | Killed a cane toad
   701 | D        | Reached skill level 14 in Unarmed Combat
   704 | D        | Reached ****** piety under Trog
   785 | D        | Received a gift from Trog
   841 | D        | Noticed an elephant
   841 | D        | Noticed an elephant
   845 | D        | Noticed a dire elephant
   846 | D        | Killed an elephant
   847 | D        | Reached skill level 15 in Unarmed Combat
   851 | D        | Killed a dire elephant
   851 | D        | Noticed Gastronok
   852 | D        | Noticed a dire elephant
   857 | D        | Killed Gastronok
   857 | D        | Received a gift from Trog
   858 | D        | Reached XP level 11. HP: 127/127 MP: 10/10
   863 | D        | Killed a dire elephant
   864 | D        | Reached skill level 16 in Unarmed Combat
   918 | D        | Noticed an azure jelly
   918 | D        | Noticed an azure jelly
   918 | D        | Noticed an azure jelly
   919 | D        | Noticed an azure jelly
   922 | D        | Noticed Rupert
   922 | D        | Paralysed by Rupert for 5 turns
   936 | D        | Killed Rupert
  1019 | D        | Noticed a death yak
  1019 | D        | Noticed a death yak
  1085 | D        | Noticed a death yak
  1087 | D        | Noticed a death yak
  1097 | D        | Killed a death yak
  1097 | D        | Received a gift from Trog
  1102 | D        | Killed a death yak
  1108 | D        | Killed a death yak
  1109 | D        | Reached skill level 17 in Unarmed Combat
  1111 | D        | Killed a death yak
  1117 | D        | Reached skill level 15 in Fighting
  1169 | D        | Noticed a swamp dragon
  1180 | D        | Killed a swamp dragon
  1181 | D        | Reached skill level 15 in Dodging
  1237 | D        | Noticed a swamp dragon
  1242 | D        | Killed a swamp dragon
  1242 | D        | Received a gift from Trog
  1276 | D        | Found Jorisoem's Jewellery Shoppe.
  1276 | D        | Found Soadocik's Distillery.
  1276 | D        | Found Fuxavati's Antique Armour Emporium.
  1294 | D        | Noticed a swamp dragon
  1297 | D        | Killed a swamp dragon
  1298 | D        | Reached XP level 12. HP: 143/143 MP: 11/11
  1298 | D        | Noticed a seven-headed hydra
  1298 | D        | Noticed the 27-headed Lernaean hydra
  1306 | D        | HP: 1/214 [the 26-headed Lernaean hydra (11)]
  1306 | D        | Slain by the 26-headed Lernaean hydra

Illustrated notes

Levels and vault maps discovered:
D:        dungeon_sprint_mu [sprint_mu_entry_forest, sprint_mu_temple_rooms,
          sprint_mu_d1_horrors, sprint_mu_d2_genie, sprint_mu_d3_branching,
          sprint_mu_orc_legion, sprint_mu_elf_gauntlet, sprint_mu_hive_nellie,
          sprint_mu_lair_fedhas, sprint_mu_vaults_butterflies,
          sprint_mu_slime_circle, sprint_mu_swamp_cave, sprint_mu_shoals_kraken,
          sprint_mu_blade_basic, sprint_mu_crypt_fortress,
          sprint_mu_tomb_spiral, sprint_mu_vestibule_basic,
          sprint_mu_gehenna_hellfire, sprint_mu_dis_giant,
          sprint_mu_tartarus_statrot, sprint_mu_cocytus_islands, sprint_mu_zot1]

Skill      XL: |  1  2  3  4  5  6  7  8  9 10 11 |
---------------+----------------------------------+-----
Fighting       | 3 4 5 6 7 9 10 11 13 15 | 15.4
Dodging        | 3 4 5 6 7 9 10 11 13 15 | 15.2
Unarmed Combat | 4 5 6 7 9 10 12 13 15 17 | 17.9

Action                     |  1- 3 |  4- 6 |  7- 9 | 10-12 || total
---------------------------+-------+-------+-------+-------++-------
  Melee: Unarmed           |    24 |    31 |    53 |   107 ||   215
         Punch             |       |     2 |     5 |    12 ||    19
 Invoke: Berserk           |       |       |     2 |     5 ||     7
         Brothers in Arms  |       |       |       |     3 ||     3
    Use: Potion            |       |       |       |     2 ||     2
         Scroll            |       |       |       |     1 ||     1
 Armour: Animal skin       |    12 |    14 |    94 |    39 ||   159
         Swamp dragon scal |       |       |       |    45 ||    45
  Dodge: Dodged            |    10 |    13 |    33 |    62 ||   118

Table legend: (Time is in decaauts)
 A = Elapsed time spent in this place.
 B = Non-inter-level travel time spent in this place.
 C = Inter-level travel time spent in this place.
 D = Time resting spent in this place.
 E = Time spent auto-exploring this place.
 F = Levels seen in this place.
 G = Mean time per level.
                   A        B        C        D        E       F      G
               +--------+--------+--------+--------+--------+-----+--------+
         Total |   1309 |   1265 |     44 |    670 |     76 |   1 | 1309.0 |
       Dungeon |   1309 |   1265 |     44 |    670 |     76 |   1 | 1309.0 |
               +--------+--------+--------+--------+--------+-----+--------+

Top non-repeatable levels by time:
       D: 1309 daAuts
